 Dungeon Crawl Stone Soup version 0.28-a0-691-gad6df49e81 (webtiles) character file.

Game seed: 10313288866859601447

4 MisterAzrael the Skirmisher (level 1, 0/18 HPs)
             Began as a Human Fighter on Oct 21, 2021.
             Slain by a ball python (3 damage)
             ... on level 1 of the Dungeon.
             The game lasted 00:00:18 (179 turns).

MisterAzrael the Skirmisher (Human Fighter)          Turns: 179, Time: 00:00:18

Health: 0/18       AC:  6    Str: 16    XL:     1   Next: 77%
Magic:  1/1        EV:  6    Int:  8    God:
Gold:   17         SH:  4    Dex: 12    Spells: 0/0 levels left

rFire   . . .      SeeInvis .   a - +0 long sword
rCold   . . .      Faith    .   c - +0 buckler
rNeg    . . .      Spirit   .   b - +0 scale mail
rPois   .          Reflect  .   (no helmet)
rElec   .          Harm     .   (no cloak)
rCorr   .          Rampage  .   (no gloves)
Will    .....                   (no boots)
Stlth   ..........              (no amulet)
HPRegen 0.06/turn               (no ring)
MPRegen 0.07/turn               (no ring)

@: mighty, constricted
A: no striking features
a: no special abilities


You were on level 1 of the Dungeon.
You visited 1 branch of the dungeon, and saw 1 of its levels.

You collected 17 gold pieces.

Inventory:

Hand Weapons
 a - a +0 long sword (weapon)
Armour
 b - a +0 scale mail (worn)
 c - a +0 buckler (worn)
Scrolls
 e - a scroll of torment {unknown}


   Skills:
 + Level 3.1 Fighting
 * Level 2.3 Long Blades
 - Level 3.0 Armour
 - Level 3.0 Shields


You couldn't memorise any spells.
You didn't know any spells.
Your spell library was empty.

Dungeon Overview and Level Annotations

Branches:
Dungeon (1/15)

Altars:


Message History

You hit the endoplasm.
The endoplasm is severely wounded.
The endoplasm barely misses you.
You slash the endoplasm!
You kill the endoplasm!
A ball python comes into view.
An endoplasm comes into view.
A hobgoblin comes into view.
The ball python hisses angrily.
You hit the kobold.
You kill the kobold!
The endoplasm freezes you.
You are frozen.
You completely miss the endoplasm. The endoplasm freezes you.
You are frozen.
You are too injured to fight recklessly!
You are too injured to fight recklessly!
You block the ball python's attack. The ball python completely misses you.
The ball python bites you but does no damage.
The ball python misses you. The ball python bites you.
* * * LOW HITPOINT WARNING * * *
The ball python barely misses you.
The endoplasm jiggles.
The endoplasm barely misses you.
The ball python bites you but does no damage.
The ball python barely misses you.
You hit the ball python but do no damage.
The ball python misses you. The ball python grabs you.
The ball python constricts you. You block the ball python's attack.
The ball python constricts you.
* * * LOW HITPOINT WARNING * * *
You hit the ball python.
The ball python is moderately wounded.
The ball python bites you.
* * * LOW HITPOINT WARNING * * *
The ball python constricts you.
You feel very mighty all of a sudden. The ball python bites you.
You die...

# # #### ....#
...## #.8.8.#
#..# #..8...
#@# #.8.8..
#S### #......
####Jg.###
#.###.⌠
##...##...##
#.+.#..
#..........##
#.#<#..
#............#
#.'.#..
#............#
#.###.⌠
#............#
#......
##..........##
#.8.8..


You could see an endoplasm, a hobgoblin and a ball python.

Vanquished Creatures
  An endoplasm (D:1)
  A goblin (D:1)
  2 kobolds (D:1)
4 creatures vanquished.

Notes
Turn   | Place    | Note
-------+----------+-------------------------------------------
     0 | D:1      | MisterAzrael the Human Fighter began the quest for the Orb.
     0 | D:1      | Reached XP level 1. HP: 18/18 MP: 1/1
   179 | D:1      | Slain by a ball python

Illustrated notes

Levels and vault maps discovered:
D:1:      ncdulo_halloftheorcs, layout_rooms, minmay_pentomino_t2

Action                   || total
-------------------------++-------
Melee: Long sword        ||    10
  Use: Potion            ||     1
Armor: Scale mail        ||     4
Dodge: Dodged            ||     7
Block: Buckler           ||     2

Table legend: (Time is in decaauts)
 A = Elapsed time spent in this place.
 B = Non-inter-level travel time spent in this place.
 C = Inter-level travel time spent in this place.
 D = Time resting spent in this place.
 E = Time spent auto-exploring this place.
 F = Levels seen in this place.
 G = Mean time per level.
                   A        B        C        D        E       F      G
               +--------+--------+--------+--------+--------+-----+--------+
         Total |    182 |    182 |      0 |      0 |    136 |   1 |  182.0 |
       Dungeon |    182 |    182 |      0 |      0 |    136 |   1 |  182.0 |
               +--------+--------+--------+--------+--------+-----+--------+

Top non-repeatable levels by time:
     D:1: 182 daAuts
